 Dungeon Crawl Stone Soup version 0.17-a0-2231-gd80ca38 (webtiles) character file.

145 radek the Conjurer (level 5, -2/28 HPs)
             Began as a Deep Elf Conjurer on Oct 29, 2015.
             Was an Initiate of Vehumet.
             Slain by teron's ghost (16 damage)
             ... in a sewer.
             The game lasted 00:14:43 (3857 turns).

radek the Conjurer (Deep Elf Conjurer)              Turns: 3857, Time: 00:14:43

Health: -2/28      AC:  3    Str:  6    XL:     5   Next: 6%
Magic:  6/11       EV: 13    Int: 20    God:    Vehumet [......]
Gold:   177        SH:  0    Dex: 15    Spells: 2 memorised, 4 levels left

rFire  x . .     SeeInvis .     (no weapon)
rCold  + . .     Clarity  .     a - +0 robe
rNeg   . . .     SustAt   +     (no shield)
rPois  .         Gourm    .     (no helmet)
rElec  .         Spirit   .     (no cloak)
rCorr  .         Warding  .     (no gloves)
rMut   .         Stasis   .     i - +0 pair of boots
MR     .....                    (no amulet)
Stlth  +.........               j - ring of ice
                                k - ring of sustain attributes

@: not resistant to hostile enchantments, very unstealthy
A: no striking features
a: Renounce Religion


You were in a sewer.
You worshipped Vehumet.
Vehumet was noncommittal.
You were not hungry.

You visited 1 branch of the dungeon, and saw 4 of its levels.
You also visited: Sewer.

You collected 177 gold pieces.

Inventory:

Hand Weapons
 p - a cursed +0 dagger
Armour
 a - a +0 robe (worn)
 i - a +0 pair of boots (worn)
Jewellery
 j - a ring of ice (right hand)
 k - a ring of sustain attributes (left hand)
Scrolls
 d - a scroll of fear {unknown}
 e - a scroll of magic mapping
 g - 3 scrolls of identify {unknown}
 l - a scroll of remove curse {unknown}
 m - a scroll of random uselessness {unknown}
 o - a scroll of teleportation {unknown}
Potions
 f - a potion of degeneration {unknown}
 h - a potion of brilliance {unknown}
 n - a potion of mutation {unknown}
 r - 4 potions of flight {unknown}
Books
 b - a book of Conjurations

   Spells                             Type                      Level
   a - Magic Dart                     Conjuration                  1
   b - Searing Ray                    Conjuration                  2
   c - Dazzling Spray                 Conjuration/Hexes            3
   d - Fulminant Prism                Conjuration/Hexes            4
   e - Iskenderun's Mystic Blast      Conjuration                  4
   f - Iskenderun's Battlesphere      Conjuration/Charms           5
Comestibles
 c - 2 bread rations
 q - 3 fruits


   Skills:
 - Level 2.4 Dodging
 - Level 2.4 Stealth
 - Level 3.0 Spellcasting
 - Level 7.0 Conjurations
 + Level 0.8 Charms


You had 4 spell levels left.
You knew the following spells:

 Your Spells              Type           Power        Failure   Level  Hunger
a - Magic Dart            Conj           ####         1%          1    None
b - Iskenderun's Battles  Conj/Chrm      ###.....     82%         5    ######.


Dungeon Overview and Level Annotations

Branches:
Dungeon (4/15)
 Temple: D:4-7

Altars:
Ru
Vehumet

Annotations:
D:4 Eustachio Sewer teron's ghost, amateur TrGl


Message History

Teron's ghost is moderately damaged.
Teron's ghost hits you but does no damage.
Casting: Magic Dart
Confirm with . or Enter, or press ? or * to list all spells.
Aiming: Magic Dart
Press: ? - help, Shift-Dir - straight line, f/p - teron's ghost
Aim: teron's ghost (moderately damaged)
The magic dart hits teron's ghost.
Teron's ghost is moderately damaged.
Teron's ghost hits you!
You enter the shallow water.
Moving in this stuff is going to be slow.
Teron's ghost hits you. Teron's ghost misses you.
Teron's ghost closely misses you. Teron's ghost misses you.
Teron's ghost says very slowly, "There's no hope."
Teron's ghost hits you!
Ouch! That really hurt!
You die...

≈≈ #.≈ ##...## ≈# #
##≈## ≈## #≈ #≈# ≈≈ #≈#
#≈# ≈# #≈# #≈# ≈##
##≈## ##≈## ≈.##
##≈≈.## ##≈..##
...#####...≈.####W...≈#
..≈≈≈≈≈≈≈.∩≈.≈≈≈@÷..≈.#
...#####≈..∩.####≈.≈.≈#
..## ##...## ##.≈.##
≈## ##≈## ##### ≈# #≈#
≈# #≈# ≈## ##≈## ≈.##
##..≈## ..≈#####.÷.≈≈#


You could see teron's ghost.

Vanquished Creatures
  6 adders
  3 oozes (Sewer)
  2 worms (D:2)
  7 orcs
  3 ball pythons
  5 bats
  3 giant cockroaches
  6 hobgoblins
  6 jackals
  9 kobolds
  2 giant geckos
  5 goblins
  A quokka (D:2)
  10 rats
68 creatures vanquished.

Notes
Turn   | Place    | Note
--------------------------------------------------------------
     0 | D:1      | radek the Deep Elf Conjurer began the quest for the Orb.
     0 | D:1      | Reached XP level 1. HP: 10/10 MP: 6/6
   302 | D:1      | Reached XP level 2. HP: 15/15 MP: 5/8
   345 | D:1      | Reached skill level 5 in Conjurations
   732 | D:2      | Reached XP level 3. HP: 19/19 MP: 0/9
  2016 | D:3      | Reached skill level 6 in Conjurations
  2258 | D:3      | Reached XP level 4. HP: 24/24 MP: 6/10
  2404 | D:2      | HP: 1/24 [poisoned by an adder]
  2768 | D:3      | Noticed a phantom
  2847 | D:3      | Found a radiant altar of Vehumet.
  2855 | D:3      | Became a worshipper of Vehumet
  3150 | D:3      | Found a faded altar to an unknown god.
  3419 | D:4      | Noticed Eustachio
  3434 | D:4      | Found a sacrificial altar of Ru.
  3448 | D:4      | Found a glowing drain.
  3487 | Sewer    | Entered a sewer
  3545 | Sewer    | Reached skill level 7 in Conjurations
  3545 | Sewer    | Reached XP level 5. HP: 28/28 MP: 5/11
  3552 | Sewer    | Learned a level 5 spell: Iskenderun's Battlesphere
  3839 | Sewer    | Noticed teron's ghost (amateur TrGl)
  3857 | Sewer    | Slain by teron's ghost

Vault maps used:
D:1:      lightli_molten_gateway, minmay_misc_feat_x
D:2:      serial_bayou_pond_e, serial_bayou_pond_e
D:3:      nicolae_overflow_crystal_walls, ecumenical_altar_1, minmay_cupped
D:4:      nicolae_ru_awakened_eye, kennysheep_mini_moat, portal_sewer_entry_b,
          uniq_eustachio
Sewer:    sewer_co_15_rooms

Action                   |  1- 3 |  4- 6 || total
-------------------------+-------+-------++-------
 Cast: Magic Dart        |    76 |    80 ||   156
  Use: Scroll            |       |     2 ||     2
       Potion            |       |     1 ||     1
  Eat: Chunk             |     2 |     5 ||     7
       Royal jelly       |     1 |       ||     1
